Cogmind - Beta 13 @@@ ROGUE MODE // 2024.04.13 @ 12:30:12 Player: Errormaker Result: Destroyed by Autobeam Turret with Autobeam Performance ------------- Evolutions (0) 0 Regions Visited (2) 400 Robots Destroyed (24) 120 Value Destroyed (522) 522 Prototype IDs (0) 0 Alien Tech Used (0) 0 Bonus (0) 0 TOTAL SCORE: 1042 Bonus ------- None Cogmind --------- Core Integrity 0/250 Matter 296/300 Energy 296/315 System Corruption 0% Temperature Cool (17) Movement Rolling (119) Ox2 Location -10/Subcaves Parts ------- > --- POWER (1) -------- Neutrino Core > --- PROPULSION (2) --- Wheel Subdweller Monowheel > --- UTILITY (2) ------ High-capacity Storage Unit Subdweller Optics > --- WEAPON (2) ------- EM Pulse Gun Subdweller Beam Cannon > --- INVENTORY (20) --- Light Angular Momentum Engine Wheel Wheel Improved Heat Sink Improved Heat Sink Humpback Large Battery (200) Large Battery (200) Large Battery (200) Large Battery (200) Signal Interpreter Improved Terrain Scanner Scrap Shield Light Cannon Light Cannon Datajack Peak State ------------ > --- POWER ------------ Neutrino Core > --- PROPULSION ------- Wheel Subdweller Monowheel > --- UTILITY ---------- High-capacity Storage Unit Improved Terrain Scanner > --- WEAPON ----------- EM Pulse Gun EM Pulse Gun > --- INVENTORY -------- Subdweller Power Source Light Angular Momentum Engine Wheel Wheel Wheel Improved Heat Sink Improved Heat Sink Humpback Large Battery Large Battery Large Battery Large Battery Signal Interpreter Scrap Shield Subdweller Beam Cannon Light Cannon Light Cannon Datajack [Rating: 18] Favorites ----------- Power Light Ion Engine Engine Light Ion Engine Power Core Neutrino Core Propulsion Compact Wheel Wheel Compact Wheel Utility High-capacity Storage Unit Device Improved Terrain Scanner Storage High-capacity Storage Unit Weapon EM Pulse Gun Energy Gun EM Pulse Gun Energy Cannon Subdweller Beam Cannon Ballistic Gun Light Assault Rifle Build | -11 -10 -10 ------- Run | Yrd Mat Sub Slots Evolved . | . . . Power . | . . . Propulsion . | . . . Utility . | . . . Weapon . | . . . Parts Attached 28 | 7 11 10 Power 7 | 1 4 2 Engine 6 | 1 4 1 Core 1 | . . 1 Reactor . | . . . Propulsion 8 | 2 1 5 Treads . | . . . Leg . | . . . Wheel 8 | 2 1 5 Hover . | . . . Flight . | . . . Utility 5 | 2 2 1 Device 3 | 1 1 1 Storage 2 | 1 1 . Processor . | . . . Hackware . | . . . Protection . | . . . Artifact . | . . . Weapon 8 | 2 4 2 Energy Gun 3 | . 2 1 Energy Cannon 1 | . . 1 Ballistic Gun 4 | 2 2 . Ballistic Cannon . | . . . Launcher . | . . . Special Weapon . | . . . Impact Weapon . | . . . Slashing Weapon . | . . . Piercing Weapon . | . . . Special Melee Weapon . | . . . Unidentified Prototypes . | . . . Parts Lost 6 | . 2 4 Power 2 | . 1 1 Propulsion 2 | . . 2 Utility 1 | . 1 . Weapon 1 | . . 1 Highest Loss Streak 2 | . 2 2 To Critical Strikes . | . . . Average Slot Usage (%) 99 | . 98 99 Engine 12 | . 13 12 Wheel 27 | . 27 27 Device 13 | . 13 14 Storage 14 | . 14 14 Energy Gun 16 | . 7 27 Ballistic Gun 11 | . 20 . Naked Turns . | . . . Heaviest Build 66 | 11 48 66 Greatest Support 32 | 32 32 32 Greatest Overweight (x) 3 | . 1 3 Average Overweight (x) . | . . 1 Largest Inventory Capacity 20 | 8 20 20 Average Capacity 17 | 7 16 20 Most Carried 20 | 7 20 20 Average Carried 14 | 2 12 19 Final Capacity 20 | 8 20 20 Final Carried 20 | 6 20 18 Class Distribution -------------------- 90% | Mutant 9% | Scavenger-Mutant Dominant Class ---------------- Mutant | -10/Materials Mutant | -10/Subcaves Resources | -11 -10 -10 ----------- Run | Yrd Mat Sub Matter Collected 594 | 274 224 96 Remotely . | . . . Salvage Created 728 | 109 367 252 Parts 54 | 6 30 18 Haulers Intercepted . | . . . Recyclers Shooed . | . . . Parts Field Recycled . | . . . Retrieved Matter . | . . . Parts Self-Destructed 8 | . . 8 Prevented . | . . . Kills | -11 -10 -10 ------- Run | Yrd Mat Sub Combat Hostiles Destroyed 20 | . 12 8 Guns 17 | . 12 5 Cannons 1 | . . 1 AOE 2 | . . 2 Classes Destroyed 7 | 2 4 1 Tunneler 1 | 1 . . Recycler 1 | 1 . . Operator 1 | . 1 . Watcher 1 | . 1 . Swarmer 10 | . 6 4 Grunt 6 | . 6 . Subdweller 4 | . . 4 Best Kill Streak 4 | 2 3 4 Combat Bots Only 4 | . 3 4 Max Kills in Single Turn 2 | 1 1 2 Gunslinging . | . . . Exploded 2 | . . 2 Melee . | . . . Uniques/NPCs Destroyed . | . . . Combat | -11 -10 -10 -------- Run | Yrd Mat Sub Hostile Shots Fired 118 | . 55 63 Missed 29 | . 11 18 Damage Taken 1011 | . 436 575 Core 257 | . 76 181 Absorbed by Shields . | . . . Regen/Repaired (Parts) 8 | . 8 . Core Remaining (%) 100 | 100 . . Volleys Fired 89 | 7 57 25 Largest 2 | 2 2 2 Hottest 120 | 40 40 120 Shots Fired 178 | 14 114 50 Gun 173 | 14 114 45 Cannon 5 | . . 5 Launcher . | . . . Special . | . . . Kinetic 128 | 14 114 . Thermal 5 | . . 5 Explosive . | . . . Electromagnetic 45 | . . 45 Robot Hit Streak 9 | 5 9 8 Robot Miss Streak 7 | 1 7 3 Penetration Max . | . . . Secondary Targets . | . . . Shots Hit Robots 105 | 10 62 33 Core Hits 44 | 4 29 11 Critical Kills . | . . . Critical Parts Destroyed . | . . . Critical Strikes 2 | . . 2 Corrupt 2 | . . 2 Melee Attacks . | . . . Impact . | . . . Slashing . | . . . Piercing . | . . . Sneak Attacks . | . . . Combat Hostiles . | . . . Follow-up Attacks . | . . . Damage Inflicted 1083 | 81 520 482 Guns 906 | 81 517 308 Cannons 86 | . . 86 Explosions 88 | . . 88 Melee . | . . . Ramming 3 | . 3 . Kinetic 598 | 81 517 . Thermal 174 | . . 174 Explosive . | . . . Electromagnetic 308 | . . 308 Impact . | . . . Slashing . | . . . Piercing . | . . . Highest Corruption . | . . . Average Corruption . | . . . Corruption Purged . | . . . Corruption Blocked . | . . . Overload Shots . | . . . Overflow Damage 19 | . . 19 Projectiles 19 | . . 19 Explosions . | . . . Melee . | . . . Knockbacks . | . . . Impact . | . . . Kinetic . | . . . Secondary . | . . . Self-Inflicted Damage 1 | . 1 . Shots . | . . . Rammed 2 | . 2 . Targets Rammed 2 | . 2 . Kicked . | . . . Crushed . | . . . Highest Temperature 117 | . 9 117 Average Temperature 18 | . 6 38 Received Heat Transfer 315 | . 141 174 Siege Activations . | . . . Robots Corrupted . | . . . Combat Hostiles . | . . . Parts Fried . | . . . Impact Corruptions . | . . . Robots Melted . | . . . Combat Hostiles . | . . . Parts Melted 1 | . . 1 Heat Transferred 261 | . . 261 Parts Sabotaged . | . . . Parts Stolen . | . . . Parts Stripped . | . . . Power Chain Reactions 1 | . . 1 Alert | -11 -10 -10 ------- Run | Yrd Mat Sub Peak Influence 239 | 10 239 . Initial 6 | . 6 . Average 113 | 2 126 . Maximum Alert Level 1 | . 1 . Low Security (%) 89 | 100 88 . Level 1 10 | . 11 . Level 2 . | . . . Level 3 . | . . . Level 4 . | . . . Level 5 . | . . . High Security . | . . . Max Security . | . . . Squads Dispatched 2 | . 2 . Investigation 1 | . 1 . Extermination . | . . . Reinforcement 1 | . 1 . Assault . | . . . Garrison . | . . . Intercept . | . . . Searches Triggered . | . . . Construction Impeded . | . . . Haulers Reinforced . | . . . Active Scanning Responses . | . . . Cargo Convoy Interrupts . | . . . Stealth | -11 -10 -10 --------- Run | Yrd Mat Sub Distress Signals 1 | . 1 . Communications Jammed . | . . . Distress Signals . | . . . Times Spotted 54 | . 21 33 Peak Tracking Total 5 | . 3 5 Tactical Retreats 4 | . 1 3 Traps | -11 -10 -10 ------- Run | Yrd Mat Sub Traps Triggered 4 | . 1 3 Indirectly . | . . . Trap Hack Attempts . | . . . Triggered . | . . . Disarmed . | . . . Reprogrammed . | . . . Reused . | . . . Traps Extracted . | . . . Installed 1 | . . 1 Triggered . | . . . Machines | -11 -10 -10 ---------- Run | Yrd Mat Sub Machines Disabled . | . . . Max in Single Turn . | . . . Machines Repaired . | . . . Machines Dismantled . | . . . Machines Sabotaged . | . . . Overloaded Fab Kills . | . . . Hacking | -11 -10 -10 --------- Run | Yrd Mat Sub Machines Accessed 8 | . 8 . Terminals 6 | . 6 . Fabricators . | . . . Repair Stations 1 | . 1 . Recycling Units 1 | . 1 . Scanalyzers . | . . . Garrison Access . | . . . Total Hacks 25 | . 25 . Successful 14 | . 14 . Failed 11 | . 11 . Catastrophic 1 | . 1 . Database Lockouts . | . . . Manual 19 | . 19 . Terminals 18 | . 18 . Fabricators . | . . . Repair Stations 3 | . 3 . Recycling Units 4 | . 4 . Scanalyzers . | . . . Garrison Access . | . . . Terminal Hacks 4 | . 4 . Emergency Access Points 1 | . 1 . Locate Traps 1 | . 1 . Zone Layout 2 | . 2 . Fabricator Hacks . | . . . Repair Station Hacks 2 | . 2 . Scan Component 1 | . 1 . Repair 1 | . 1 . Recycling Unit Hacks 1 | . 1 . Report Inventory 1 | . 1 . Scanalyzer . | . . . Garrison Access Hacks . | . . . Unauthorized Hacks 7 | . 7 . Terminals 5 | . 5 . Botnet 5 | . 5 . Fabricators . | . . . Repair Stations . | . . . Recycling Units 2 | . 2 . Monitor 1 | . 1 . Mask 1 | . 1 . Scanalyzers . | . . . Garrison Access . | . . . Data Cores Recovered . | . . . Used . | . . . Hacking Detections 8 | . 8 . Full Trace Events . | . . . Feedback Events . | . . . Feedback Blocked . | . . . Robot Schematics Acquired . | . . . Robots Built . | . . . Authchips . | . . . Time . | . . . Total Robot Build Rating . | . . . Part Schematics Acquired . | . . . Parts Built . | . . . Authchips . | . . . Time . | . . . Total Part Build Rating . | . . . Parts Repaired 1 | . 1 . Time 26 | . 26 . Parts Recycled . | . . . Recycled Matter . | . . . Retrieved Matter . | . . . Retrieved Components . | . . . Parts Scanalyzed . | . . . Part Schematics Acquired . | . . . Parts Damaged . | . . . Bothacking | -11 -10 -10 ------------ Run | Yrd Mat Sub Used RIF Installer . | . . . Robots Hacked . | . . . Non-combat . | . . . Combat . | . . . Robot Hacks Applied . | . . . Relay Couplers Released . | . . . Fabnet Peak Effective % . | . . . Robots Rewired . | . . . Allies Hacked . | . . . Hacks Repelled . | . . . Allies | -11 -10 -10 -------- Run | Yrd Mat Sub Total Allies . | . . . Largest Group . | . . . Highest-Rated Group . | . . . Highest-Rated Ally . | . . . Total Orders . | . . . Ally Attacks . | . . . Total Damage . | . . . Kills . | . . . Allies Corrupted . | . . . Allies Melted . | . . . Intel | -11 -10 -10 ------- Run | Yrd Mat Sub Robot Analysis Total . | . . . Derelict Logs Recovered 2 | . . 2 Drone Launches . | . . . Drone Recoveries . | . . . Exploration | -11 -10 -10 ------------- Run | Yrd Mat Sub Turns Passed 1624 | 95 860 669 Spaces Moved 1115 | 59 567 489 Core 4 | 4 . . Treads . | . . . Legs . | . . . Wheels 1111 | 55 567 489 Hover . | . . . Flight . | . . . Fastest Speed 50 | 50 100 105 Average Speed 108 | 96 109 108 Slowest Speed 140 | 100 115 140 Overloaded Moves . | . . . Propulsion Burnouts . | . . . Robots Hopped . | . . . Cave-ins Triggered . | . . . Exploration Rate (%) 38 | 5 78 32 Regions Visited 2 Branch Regions 1 Pre-discovered Areas 1 | . . 1 Known Exits Taken . | . . . Unknown Exits Taken 2 | 1 1 . Scrap Searched 4 | . . 4 Spaces Dug . | . . . Terrain Destroyed 4 | . . 4 Melee . | . . . Projectile 1 | . . 1 AOE 3 | . . 3 Terrain Rammed . | . . . Walls Destroyed . | . . . Machines Disabled . | . . . Actions | -11 -10 -10 --------- Run | Yrd Mat Sub Total 1384 | 82 718 584 Wait 91 | 3 50 38 Move 1113 | 58 566 489 Hop . | . . . Pick Up 38 | 7 22 9 Fast Attach 6 | 6 . . Attach 8 | 1 3 4 Detach . | . . . Swap 14 | . 8 6 Drop 22 | . 10 12 Fire 89 | 7 57 25 Melee . | . . . Ram 2 | . 2 . Kick . | . . . Crush . | . . . Escape Stasis . | . . . Rewire . | . . . Trap 1 | . . 1 Miscellaneous . | . . . Route ------- -11/Scrapyard -10/Materials (discovered 4 exits: [*Mat x2] / [*Min] / [*Sub]) -10/Subcaves (discovered 1 exit: [*Rec]) History --------- Turn | Location | Event 15 | -11/Scrapyard | Discovered new exit (range 15) 96 | -11/Scrapyard | Entered Materials 239 | -10/Materials | Discovered new exit (range 13) 313 | -10/Materials | Build established: Mutant 453 | -10/Materials | Repaired Com. Wheel 675 | -10/Materials | Discovered new exit (range 8) 807 | -10/Materials | Discovered new exit (range 3) 902 | -10/Materials | Discovered new exit (range 3) 956 | -10/Materials | Entered Subcaves 978 | -10/Subcaves | Learned location of Storage (-8) 1034 | -10/Subcaves | Ambushed by swarm of Subdwellers 1257 | -10/Subcaves | Shifting Twisted Machinery released Shrapnel Trap 1262 | -10/Subcaves | Shifting Twisted Machinery released Battle Rifle 1268 | -10/Subcaves | Core integrity fell below 50% 1501 | -10/Subcaves | Ambushed by Subdwellers from Twisted Machinery 1583 | -10/Subcaves | Core integrity fell below 20% 1606 | -10/Subcaves | Discovered new exit (range 14) 1625 | -10/Subcaves | Destroyed by Autobeam Turret with Autobeam Last Messages --------------- 01523_ TW-XWG(R) affixes Scrap Shield Fragment to Scrap Shield. 01528_ TW-XWG(R) destroyed. 01533_ Dropped Lgt. Ion Engine. 01534_ Acquired 10 matter. 01544_ Dropped Sub. Power Source. 01545_ Acquired Sub. Optics. 01549_ Acquired 10 matter. 01581_ S-10 Pest destroyed. 01587_ Chain reaction triggered in Lgt. Ion Engine. 01587_ S-10 Pest destroyed. 01598_ EM Pulse Gun destroyed. 01599_ Destroyed Flight Unit. 01599_ S-10 Pest destroyed. 01604_ Acquired 10 matter. 01605_ Flight Unit fries itself beyond repair. 01606_ EXIT=FOUND 01615_ Wheel destroyed. 01622_ Acquired 6 matter. Map ----- +----------------------------------------------------+ | ???????????????????#?????????????????????????????? | | ????????????????#??????#??????????#??????????????? | | ???#?????????????????????????????????????????????? | | #?#????????????????#?????????????????????????????? | | ?????????????????????????????????????????????????? | | ???????????????##???????????#????????????????????? | | ?????????????????????????????????????????????????? | | ???????####???########???????????????????????????? | | ?????### ##### ## ##??????????????????????????? | | ????## *##????#????????????????????? | | ##### %!##???????#????????????????? | | ## ######???????????????????? | | #### *# # ###?????????????????? | | #??#### &[= ##????????????????? | | ### #????### *&& ##???#???????????? | | #####?# ### #?????##%# ##?#?????????????? | | #?????####?## ##??????#%&& ##??????????????? | | #????#?##????##???????#% ###????????????? | | #??????????##??????# #"""" #????????????? | | ?? ????????????# ##"""#"""#???????????? | | # ????????????## "### ##"##???????????? | | ?#### ?????????????# ""# ####????????????? | | ?????? ?????????????## " ##?????????????? | | ??????? ??#??????????# ##????????????? | | #?????? ##?????????????# ##???????????? | | ???????????????????##### @ #???????????? | | ?#????????????? ????#; #???????????? | | #???????????? ;;; #???????????? | | ???????????#""t % ##???????????? | | ??????????#< % #????????????? | | ??????????##""t #????????????? | | ???????????#" # ######## #???????????? | | ???????????#" ?# #??????? ###???????????? | | ???????????#""" ??# #??????? #????????????? | | ???????????####???# #????????? #????????????? | | ??????????????????# ### ##?????????? ????????????? | | ??????????????????##??##???????????? ???????????? | | ????????????????????????????????????? #??????????? | | ??????????????????????????????????????#??????????? | | ?????????????????????????????????????????????????? | | ?????????????????????????????????????????????????? | | ?????????????????????????????????????????????????? | | ?????????????????????????????????????????????????? | | ?????????????????????????????????????????????????? | | ?????????????????????????????????????????????????? | | ?????????????????????????????????????????????????? | | ?????????????????????????????????????????????????? | | ?????????????????????????????????????????????????? | | ?????????????????????????????????????????????????? | | ?????????????????????????????????????????????????? | +----------------------------------------------------+ Best States ------------- Heat Dissipation 25 Energy Generation 19 Energy Capacity 315 Matter Stores 300 Matter Capacity 300 Sight Range 21 Terrain Scan Range 16 Terrain Scan Density 10 Evasion (%) 40 Item Schematics ----------------- None Robot Schematics ------------------ None Fabricated ------------ Nothing Alien Tech Used ----------------- None Achievements -------------- None Challenges ------------ None Game ------ Seed SurgeMakeshiftDesublimator Manual? 0 Play Time 00:38:12 Cumulative 38.0 hours Start 2024.04.13 @ 11:56:01 End 2024.04.13 @ 12:30:12 Sessions 1 Manual Loads 0 Difficulty Rogue Special Mode None Game No. 52 Rogue 52 Adventurer 0 Explorer 0 Win Type - Total 0 Types 0/0/0/0/0/0/0/0/0 Lore% 21 Gallery% 29 Achievement% 13 Wizard Run 0 Options --------- Layout 1 ASCII 0 Keyboard 0 Movement Numpad Keybinds 0 Fullscreen 1 Font 24/Smallcaps Map View 50x35 Zoom Use 0% Tactical HUD 1 Map Filters NONE Filters NONE Steam 1 RUN: 67548847-20ad-40d9-9feb-0d75d2d592c5